 Dungeon Crawl Stone Soup version 0.30-a0-629-gd54f4be4f7 (webtiles) character file.

Game seed: 4250589693382404785

93 bande the Covered (level 4, -1/29 HPs)
             Began as a Gargoyle Fighter on Jan 12, 2023.
             Slain by a goblin
             ... wielding a +0 club
             ... led by Robin
              (5 damage)
             ... on level 2 of the Dungeon.
             The game lasted 00:01:33 (1849 turns).

bande the Covered (Gargoyle Fighter)                Turns: 1849, Time: 00:01:34

Health: -1/29      AC: 10    Str: 19    XL:     4   Next: 61%
Magic:  4/4        EV:  9    Int:  9    God:
Gold:   125        SH:  4    Dex: 11    Spells: 3/3 levels left

rFire   . . .      SeeInvis .    a - +0 war axe
rCold   . . .      Faith    .    c - +0 buckler
rNeg    + . .      Spirit   .    b - +0 scale mail
rPois   ∞          Reflect  .    (no helmet)
rElec   +          Harm     .    (no cloak)
rCorr   .          Rampage  .    (no gloves)
Will    .....                    (no boots) Stlth
                                 n - amulet of the acrobat
HPRegen 0.24/turn                (no ring)
MPRegen 0.09/turn                (no ring)

@: no status effects
A: sickness immunity, AC +3, negative energy resistance 1, electricity
resistance, torment resistance 1, petrification resistance
a: no special abilities


You were on level 2 of the Dungeon.
You visited 1 branch of the dungeon, and saw 2 of its levels.

You collected 125 gold pieces.

Inventory:

Hand Weapons
 a - a +0 war axe (weapon)
Armour
 b - a +0 scale mail (worn)
 c - a +0 buckler (worn)
Jewellery
 n - an amulet of the acrobat (around neck)
Scrolls
 e - a scroll of enchant weapon {unknown}
 h - 3 scrolls of identify {unknown}
 i - a scroll of blinking {unknown}
 k - a scroll of teleportation {unknown}
 l - a scroll of poison {unknown}
 o - a scroll of silence {unknown}
 p - a scroll of butterflies {unknown}
Potions
 d - a potion of might
 f - a potion of degeneration {unknown}
 g - 2 potions of mutation {unknown}
 j - a potion of heal wounds {unknown}
 m - a potion of invisibility {unknown}
 q - a potion of resistance {unknown}


   Skills:
 + Level 3.8 Fighting
 + Level 3.1 Axes
 + Level 4.0 Armour
 - Level 0.1 Dodging
 + Level 3.6 Shields


You had 3 spell levels left.
You didn't know any spells.
Your spell library contained the following spells:

 Spells                   Type           Power      Damage    Failure   Level
 Kiss of Death            Conj/Necr      0%         2d5       83%         1
 Slow                     Hex            0%         N/A       83%         1
 Confusing Touch          Hex            0%         N/A       99%         3
 Vampiric Draining        Necr           0%         2d6       99%         3
 Dispel Undead            Necr           0%         3d6       100%        4


Dungeon Overview and Level Annotations

Branches:
Dungeon (2/15)

Altars:

Annotations:
D:2 Robin


Innate Abilities, Weirdness & Mutations

You are immune to sickness and miasma.
Your stone body is resilient. (AC +3)
You are immune to poison.
You resist negative energy. (rN+)
You are resistant to electric shocks. (rElec)
You are resistant to unholy torment.
You are immune to petrification.


Message History

The goblin barely misses you.
You barely miss the goblin. You closely miss the goblin.
Robin throws the goblin at you!
The goblin hits you but does no damage. x2
The goblin hits you with a +0 club.
You closely miss the goblin. x2; You barely miss the goblin.
The goblin hits you with a +0 club. The goblin hits you but does no damage.
The goblin barely misses you.
Robin roars a battlecry!
A goblin comes into view. It is wielding a +0 dagger.
The goblin closely misses you. The goblin hits you with a +0 club.
The goblin barely misses you.
You barely miss the goblin. You slash the goblin!
You kill the goblin!
You hit the goblin. The goblin barely misses you.
The goblin hits you with a +0 club.
You barely miss the goblin.
The goblin is moderately wounded.
You hit the goblin. Robin throws the goblin at you!
The goblin hits you but does no damage. The goblin hits you with a +0 dagger.
The goblin hits you with a +0 club.
You are too injured to fight recklessly!
You are too injured to fight recklessly!
You are too injured to fight recklessly!
You are too injured to fight recklessly!
You are too injured to fight recklessly!
You are too injured to fight recklessly!
You are too injured to fight recklessly!
You are too injured to fight recklessly!
You are too injured to fight recklessly!
You are too injured to fight recklessly!
Unknown command.
You closely miss the goblin.
The goblin is severely wounded.
You slash the goblin!
You kill the goblin!
You barely miss the goblin. The goblin hits you with a +0 club.
* * * LOW HITPOINT WARNING * * *
The goblin hits you but does no damage. The goblin closely misses you.
The goblin hits you with a +0 club.
You die...

##### ###≈≈≈≈###
##≈≈≈≈≈≈≈≈# #≈≈≈≈
≈≈≈ ### ≈≈≈ ≈≈≈ .g#
#≈##### #g#
##~#...#≈≈≈ #g#
...'._.#≈≈≈≈
#@################
##~#...#≈≈≈≈
#)g...............
#~≈#####≈≈≈#
###################
.~≈≈≈≈≈≈≈≈≈#
#...............#
.~~≈≈≈≈≈≈≈~#
#.##..##.#....#.###
..~≈≈≈≈≈~~.#
#.##...............
...~~~≈~...#
#.##.###....#..#.##
...........#
#.##...............
...........#
#...........<....#.


You could see Robin, a hobgoblin (strong) and 2 goblins.

Vanquished Creatures
  4 adders (D:2)
  A worm (D:2)
  A dart slug (D:2)
  2 endoplasms (D:2)
  5 goblins
  5 hobgoblins
  4 jackals
  A quokka (D:1)
  4 ball pythons (D:1)
  5 bats
  7 frilled lizards
  12 kobolds
  3 rats
54 creatures vanquished.

Vanquished Creatures (others)
  4 plants (D:1)
4 creatures vanquished.

Grand Total: 58 creatures vanquished

Notes
Turn   | Place    | Note
-------+----------+-------------------------------------------
     0 | D:1      | bande the Gargoyle Fighter began the quest for the Orb.
     0 | D:1      | Reached XP level 1. HP: 14/14 MP: 1/1
   165 | D:1      | Reached XP level 2. HP: 13/19 MP: 2/2
   512 | D:1      | Reached XP level 3. HP: 23/23 MP: 3/3
  1068 | D:2      | Reached XP level 4. HP: 28/29 MP: 4/4
  1618 | D:2      | Reached skill level 4 in Armour
  1696 | D:2      | Found a faded altar of an unknown god.
  1843 | D:2      | Noticed Robin
  1849 | D:2      | Slain by a goblin

Illustrated notes

Levels and vault maps discovered:
D:1:      dpeg_arrival_ternary, layout_loops_ring, lexackson_kobold_supper
D:2:      layout_basic, nicolae_ecumenical_lake_church, uniq_robin

Skill      XL: |  1  2  3  4 |
---------------+-------------+-----
Axes           | 2 3 |  3.1
Armour         | 4 |  4.0
Fighting       | |  3.8
Dodging        | |  0.1
Shields        | |  3.6

Action                   |  1- 3 |  4- 6 || total
-------------------------+-------+-------++-------
Melee: War axe           |    97 |    62 ||   159
Armor: Scale mail        |    77 |    36 ||   113
Dodge: Dodged            |    56 |    49 ||   105
Block: Buckler           |    24 |    14 ||    38

Table legend: (Time is in decaauts)
 A = Elapsed time spent in this place.
 B = Non-inter-level travel time spent in this place.
 C = Inter-level travel time spent in this place.
 D = Time resting spent in this place.
 E = Time spent auto-exploring this place.
 F = Levels seen in this place.
 G = Mean time per level.
                   A        B        C        D        E       F      G
               +--------+--------+--------+--------+--------+-----+--------+
         Total |   1916 |   1810 |    106 |      0 |   1457 |   2 |  958.0 |
       Dungeon |   1916 |   1810 |    106 |      0 |   1457 |   2 |  958.0 |
               +--------+--------+--------+--------+--------+-----+--------+

Top non-repeatable levels by time:
     D:1: 964 daAuts
     D:2: 952 daAuts
